 Dungeon Crawl Stone Soup version 0.17.0-24-gcfadda4 (webtiles) character file.

487 HaroldButt the Chiller (level 6, 0/32 HPs)
             Began as a Deep Elf Ice Elementalist on Nov 16, 2015.
             Was a Follower of Sif Muna.
             Killed by nerve-wracking pain
             ... invoked by an orc priest
              (12 damage)
             ... on level 5 of the Dungeon.
             The game lasted 00:17:31 (3038 turns).

HaroldButt the Chiller (Deep Elf Ice Elementalist)  Turns: 3038, Time: 00:17:31

Health: 0/32       AC:  8    Str:  5    XL:     6   Next: 89%
Magic:  1/14       EV: 13    Int: 22    God:    Sif Muna [*.....]
Gold:   150        SH:  0    Dex: 15    Spells: 4 memorised, 3 levels left

rFire  + . .     SeeInvis .     C - +8 lance "Wyrmbane" {slay drac, +Rage rPois rF+ AC+5}
rCold  . . .     Clarity  .     a - +0 robe
rNeg   . . .     SustAt   +     (no shield)
rPois  +         Gourm    .     (no helmet)
rElec  .         Spirit   .     (no cloak)
rCorr  .         Warding  .     o - +0 pair of gloves
rMut   .         Stasis   .     (no boots)
MR     .....                    (no amulet)
Stlth  ++........               h - ring of invisibility
                                k - ring of sustain attributes

@: slowed, very slow, not resistant to hostile enchantments, unstealthy
A: no striking features
a: Channel Energy, Renounce Religion, Evoke Berserk Rage, Evoke Invisibility


You were on level 5 of the Dungeon.
You worshipped Sif Muna.
Sif Muna was aware of your devotion.
You were not hungry.

You visited 1 branch of the dungeon, and saw 5 of its levels.

You collected 150 gold pieces.

Inventory:

Hand Weapons
 t - a +1 dagger of venom
 y - a +0 mace of crushing
 A - a +0 blowgun
 C - the +8 lance "Wyrmbane" (weapon) {slay drac, +Rage rPois rF+ AC+5}
   (You found it on level 4 of the Dungeon)

   It affects your AC (+5).
   It protects you from fire.
   It protects you from poison.
   It lets you go berserk.
Missiles
 x - 3 tomahawks (quivered)
 B - 28 poisoned needles
Armour
 a - a +0 robe (worn)
 o - a +0 pair of gloves (worn)
Jewellery
 h - a ring of invisibility (right hand)
 k - a ring of sustain attributes (left hand)
Wands
 e - a wand of draining (11)
 G - a wand of lightning (6)
Scrolls
 d - a scroll of magic mapping {unknown}
 f - 2 scrolls of teleportation {unknown}
 l - 2 scrolls of enchant armour {unknown}
 m - a scroll of remove curse {unknown}
 n - 2 scrolls of random uselessness {unknown}
 p - a scroll of identify {unknown}
 q - 2 scrolls of immolation {unknown}
 v - 3 scrolls of fear {unknown}
 w - a scroll of recharging {unknown}
 z - a scroll of noise {unknown}
Potions
 g - 3 potions of resistance {unknown}
 i - 3 potions of heal wounds {unknown}
 s - a potion of curing {unknown}
 u - a potion of mutation {unknown}
 D - a potion of brilliance {unknown}
 E - a potion of lignification {unknown}
 H - a potion of degeneration {unknown}
Books
 b - a book of Frost

   Spells                             Type                      Level
   a - Freeze                         Ice                          1
   b - Throw Frost                    Conjuration/Ice              2
   c - Ozocubu's Armour               Charms/Ice                   3
   d - Throw Icicle                   Conjuration/Ice              4
   e - Summon Ice Beast               Ice/Summoning                4
   f - Condensation Shield            Ice                          4
Comestibles
 c - 3 bread rations
 j - 2 meat rations
 r - 2 beef jerkies
 F - 5 chunks of flesh


   Skills:
 - Level 2.4 Dodging
 - Level 2.4 Stealth
 - Level 4.0 Spellcasting
 + Level 5.1 Conjurations
 + Level 6.5 Ice Magic


You had 3 spell levels left.
You knew the following spells:

 Your Spells              Type           Power        Failure   Level  Hunger
a - Freeze                Ice            ####         1%          1    None
b - Throw Frost           Conj/Ice       ####..       1%          2    #......
c - Throw Icicle          Conj/Ice       ####....     12%         4    ####...
d - Ozocubu's Armour      Chrm/Ice       ###.....     12%         3    ###....


Dungeon Overview and Level Annotations

Branches:
Dungeon (5/15)             Temple (0/1) D:5

Altars:
Ashenzari
Gozag
Okawaru
Sif Muna


Message History

The orc barely misses you.
The orc priest invokes the aid of Beogh against you.
Something smites you!
Casting: Throw Icicle
Confirm with . or Enter, or press ? or * to list all spells.
Aiming: Freeze
Press: ? - help, Shift-Dir - straight line, f - orc, p - orc priest
Aim: an orc, wielding a hand axe You freeze the orc.
You kill the orc!
The orc wizard gestures wildly while chanting.
The orc wizard blinks!
The orc priest invokes the aid of Beogh against you.
Something smites you!
You fail to use your ability.
The orc wizard gestures at you while chanting.
You feel as though you will be slow longer.
The orc priest invokes the aid of Beogh against you.
Pain shoots through your body!
You die...

......##
.......o.
........o###
..... #...#
.....# #...##
##.
......##.>.o###
....
###..#......#
##.....
#...####.###.o.#
###.# #.o)@(#
#..###..####
##.......#
##...#.....#
##..#####...#
#..## #### ##.##
#######.>#
#.......##


You could see an orc priest and an orc wizard.

Vanquished Creatures
  A phantom (D:4)
  A crimson imp (D:4)
  3 orc priests (D:3)
  A centaur zombie (D:5)
  Ijyb (D:2)
  A worker ant (D:5)
  2 orc wizards
  3 adders
  An ooze (D:2)
  An adder skeleton (D:4)
  6 worms
  4 giant geckos
  15 orcs
  3 bats
  2 giant cockroaches (D:1)
  3 hobgoblins (D:1)
  5 jackals (D:1)
  7 kobolds
  2 quokkas (D:3)
  A ball python (D:2)
  4 giant newts (D:3)
  6 goblins
  4 rats
77 creatures vanquished.

Notes
Turn   | Place    | Note
--------------------------------------------------------------
     0 | D:1      | HaroldButt the Deep Elf Ice Elementalist began the quest for the Orb.
     0 | D:1      | Reached XP level 1. HP: 10/10 MP: 6/6
   231 | D:1      | Reached skill level 4 in Ice Magic
   231 | D:1      | Reached XP level 2. HP: 9/15 MP: 2/8
   235 | D:1      | Learned a level 2 spell: Throw Frost
   987 | D:2      | Found a shattered altar of Ashenzari.
  1023 | D:2      | Reached XP level 3. HP: 15/19 MP: 4/9
  1133 | D:2      | Noticed Ijyb
  1207 | D:2      | Killed Ijyb
  1425 | D:2      | Reached XP level 4. HP: 11/24 MP: 2/10
  1600 | D:2      | Found an iron altar of Okawaru.
  1649 | D:2      | Learned a level 4 spell: Throw Icicle
  1890 | D:3      | Reached skill level 5 in Ice Magic
  2057 | D:3      | Found a deep blue altar of Sif Muna.
  2088 | D:3      | Reached XP level 5. HP: 28/28 MP: 3/11
  2125 | D:3      | Became a worshipper of Sif Muna the Loreminder
  2734 | D:4      | Noticed a phantom
  2736 | D:4      | Reached XP level 6. HP: 32/32 MP: 9/13
  2788 | D:4      | Killed a phantom
  2788 | D:4      | Reached * piety under Sif Muna
  2788 | D:4      | Reached skill level 6 in Ice Magic
  2811 | D:5      | Entered Level 5 of the Dungeon
  2895 | D:5      | Reached skill level 5 in Conjurations
  2901 | D:5      | Learned a level 3 spell: Ozocubu's Armour
  2954 | D:5      | Found an opulent altar of Gozag.
  3017 | D:5      | Found a staircase to the Ecumenical Temple.
  3038 | D:5      | Killed from afar by an orc priest

Action                   |  1- 3 |  4- 6 || total
-------------------------+-------+-------++-------
Melee: Dagger            |    11 |     3 ||    14
       Unarmed           |     1 |       ||     1
       Mace              |       |    11 ||    11
       Lance             |       |    26 ||    26
 Cast: Freeze            |    45 |    49 ||    94
       Throw Frost       |     7 |    29 ||    36
       Throw Icicle      |       |     3 ||     3
 Stab: Sleeping          |     4 |     1 ||     5
       Distracted        |       |     1 ||     1
  Eat: Pizza             |     1 |       ||     1
       Chunk             |       |     7 ||     7
